 Dungeon Crawl Stone Soup version 0.28.0-49-g6dfe1f597d (console) character file.

Game seed: 17997279226394665122

8278 Faeu the Cleaver (level 11, -3/89 HPs)
             Began as a Minotaur Berserker on May 15, 2022.
             Was a Priest of Trog.
             Slain by a catoblepas (8 damage)
             ... while petrified by a catoblepas
             ... on level 10 of the Dungeon.
             The game lasted 00:33:48 (12693 turns).

Faeu the Cleaver (Minotaur Berserker)              Turns: 12693, Time: 00:33:49

Health: -3/89      AC: 20    Str: 26    XL:     11   Next: 7%
Magic:  10/10      EV:  2    Int:  4    God:    Trog [***...]
Gold:   610        SH:  0    Dex: 16    Spells: 10/10 levels left

rFire   . . .      SeeInvis .   M - +2 dire flail (freeze) {mace}
rCold   . . .      Faith    .   (shield currently unavailable)
rNeg    + + +      Spirit   .   w - +0 plate armour
rPois   ∞          Reflect  .   L - +2 hat
rElec   .          Harm     .   a - +0 cloak
rCorr   +          Rampage  .   (no gloves)
Will    .....                   y - +0 pair of boots
Stlth   ..........              (no amulet)
HPRegen 0.24/turn               e - ring of resist corrosion
MPRegen 0.12/turn               o - +6 ring of dexterity

@: petrified, on berserk cooldown, slowed
A: horns 2, retaliatory headbutt
a: Renounce Religion, Berserk, Trog's Hand


You were on level 10 of the Dungeon.
You worshipped Trog.
Trog was most pleased with you.
You visited 1 branch of the dungeon, and saw 10 of its levels.

You collected 610 gold pieces.


Innate Abilities, Weirdness & Mutations

You have a pair of horns on your head.
You reflexively headbutt those who attack you in melee.


   Skills:
 - Level 6.0 Fighting
 - Level 0.5(2.1) Short Blades
 - Level 3.6 Long Blades
 + Level 14.5 Axes
 - Level 12.5 Armour
 - Level 5.0 Dodging


You had 10 spell levels left.
You didn't know any spells.
Your spell library contained the following spells:

 Spells                   Type           Power      Damage    Failure   Level
 Foxfire                  Conj/Fire      0%         2x1d4     99%         1
 Call Canine Familiar     Summ           0%         N/A       100%        3
 Conjure Flame            Conj/Fire      0%         6-21      100%        3
 Frozen Ramparts          Ice            0%         1d2       100%        3
 Ignite Poison            Fire/Tmut/Pois 0%         N/A       100%        3
 Inner Flame              Hex/Fire       0%         N/A       100%        3
 Mephitic Cloud           Conj/Pois/Air  0%         N/A       100%        3
 Portal Projectile        Hex/Tloc       0%         N/A       100%        3
 Flame Wave               Conj/Fire      0%         2d4       100%        4
 Ice Form                 Ice/Tmut       0%         N/A       100%        4
 Leda's Liquefaction      Hex/Erth       0%         N/A       100%        4
 Summon Ice Beast         Ice/Summ       0%         N/A       100%        4
 Blade Hands              Tmut           0%         N/A       100%        5
 Excruciating Wounds      Necr           0%         N/A       100%        5
 Freezing Cloud           Conj/Ice/Air   0%         6-21      100%        5

Inventory:

Hand Weapons
 b - a +0 scimitar of flaming {long}
   (You took it off Erica on level 10 of the Dungeon)
 m - a +3 battleaxe of freezing {axe}
   (You took it off a wight on level 9 of the Dungeon)
 I - a +3 dagger of freezing {short}
   (You took it off an orc wizard on level 9 of the Dungeon)
 K - a +3 morningstar {mace}
   (You took it off a wight on level 9 of the Dungeon)
 M - a +2 dire flail of freezing (weapon) {mace}
   (You took it off a wight on level 9 of the Dungeon)
Missiles
 G - 11 boomerangs (quivered) {throwing}
Armour
 a - a +0 cloak (worn)
   (You took it off Maurice on level 9 of the Dungeon)
 w - a +0 plate armour (worn)
   (You found it on level 3 of the Dungeon)
 y - a +0 pair of boots (worn)
   (You found it on level 5 of the Dungeon)
 E - a +2 chain mail of willpower
   (You took it off an orc on level 8 of the Dungeon)
 H - a +0 robe of willpower
   (You took it off an orc wizard on level 9 of the Dungeon)
 L - a +2 hat (worn)
   (You took it off Gastronok on level 9 of the Dungeon)
Jewellery
 e - a ring of resist corrosion (left hand)
   (You found it on level 2 of the Dungeon)
 o - a +6 ring of dexterity (right hand)
   (You found it on level 3 of the Dungeon)
Wands
 t - a wand of polymorph (7)
   (You took it off Ijyb on level 4 of the Dungeon)
 z - a wand of flame (43)
   (You found it on level 5 of the Dungeon)
 B - a wand of mindburst (13)
   (You found it on level 7 of the Dungeon)
 C - a wand of iceblast (12)
   (You found it on level 7 of the Dungeon)
 D - a wand of paralysis (7)
   (You found it on level 8 of the Dungeon)
Scrolls
 c - a scroll of fear
 j - 2 scrolls of immolation {!r!r}
 n - a scroll of fog
 p - a scroll of noise {!r}
 q - 3 scrolls of teleportation {@r4}
 r - 2 scrolls of amnesia
 s - 2 scrolls of blinking {!r}
 v - 3 scrolls of magic mapping {!r}
 x - 2 scrolls of vulnerability {unknown}
 F - a scroll of enchant weapon {unknown}
Potions
 d - 2 potions of heal wounds {unknown}
 g - a potion of haste {@q3}
 h - 2 potions of flight {unknown}
 i - 8 potions of mutation {!q}
 k - 2 potions of brilliance
 l - 2 potions of lignification {unknown}
 u - 2 potions of curing {@q1}
 A - 2 potions of resistance {unknown}

Dungeon Overview and Level Annotations

Branches:
Dungeon (10/15)            Temple (0/1) D:5            Lair (0/6) D:10
    Orc: D:9-12

Altars:
Ashenzari
Cheibriados
Gozag
Hepliaklqana
Kikubaaqudgha
Qazlal
Ru
Sif Muna
Wu Jian
The Shining One

Shops:
D:1 [

Annotations:
D:8 3 runed translucent doors, Faeu's ghost, novice MiBe
D:10 Harold

.......# .......
...Y...#######
#............#
#............# #..
.........# #.#########..#
#.#.@.....#.(#
#.#Yo@....#..# .P.#
#...#.†.......+..# ....
#...#.#########..# P...###
#..##............# .......
@.#.............# ..P....
..#........######
..P...####.#........#
.P.......#.#........#
...P.P...#.#........######
......[..#.#........†....#


You could see a catoblepas, Harold and an orc warrior (petrified).


Message History

The catoblepas gores you!
You are engulfed in calcifying dust.
The catoblepas breathes a plume of calcifying dust at you.
The blast of calcifying dust hits you. The catoblepas barely misses you.
The catoblepas breathes a plume of calcifying dust at you.
The blast of calcifying dust hits you.
You are engulfed in calcifying dust.
The catoblepas breathes a plume of calcifying dust at you.
The blast of calcifying dust hits you but does no damage.
You are engulfed in calcifying dust.
You are no longer berserk.
You feel yourself slow down.
The catoblepas gores you but does no damage.
You are engulfed in calcifying dust.
The catoblepas gores you!
You are engulfed in calcifying dust.
The catoblepas breathes a plume of calcifying dust at you.
The blast of calcifying dust hits you but does no damage.
You turn to flesh and can move again. 😕 HP[-61]
You now have 89 max hp (-44).
You take 61 damage, and now have 70/89 hp.
MASSIVE DAMAGE!! (PAUSE) You're standing in a cloud of calcifying dust!
You hit the catoblepas. You freeze the catoblepas.
You are engulfed in calcifying dust.
The catoblepas barely misses you.
A catoblepas is nearby!
You sock the catoblepas! You freeze the catoblepas.
The catoblepas gores you. 😕 HP[-3]
You take 3 damage, and now have 67/89 hp.
You hit the catoblepas but do no damage.
The catoblepas gores you. The catoblepas gores you!!
* * * LOW HITPOINT WARNING * * *
😨 HP[-26]
You take 26 damage, and now have 41/89 hp.
MASSIVE DAMAGE!! (PAUSE)
You hit the catoblepas but do no damage.
You headbutt the catoblepas, but do no damage.
The catoblepas breathes a plume of calcifying dust at you.
The blast of calcifying dust hits you.
* * * LOW HITPOINT WARNING * * *
😨 HP[-4]
You take 4 damage, and now have 37/89 hp.
The catoblepas breathes a plume of calcifying dust at you.
The blast of calcifying dust hits you but does no damage.
The catoblepas gores you.
* * * LOW HITPOINT WARNING * * *
😨 HP[-3]
You take 3 damage, and now have 34/89 hp. 😨 HP[+1]
You barely miss the catoblepas. You headbutt the catoblepas!
The catoblepas breathes a plume of calcifying dust at you.
The blast of calcifying dust hits you but does no damage.
The catoblepas gores you!
* * * LOW HITPOINT WARNING * * *
The orc warrior is engulfed in calcifying dust.
The orc warrior is moving more slowly.
Harold the Weathered comes into view.
He is wielding a +0 war axe.
The catoblepas gores you!
* * * LOW HITPOINT WARNING * * *
😱 HP[-17]
You take 17 damage, and now have 18/89 hp.
Harold shouts!
You hit the catoblepas but do no damage.
You headbutt the catoblepas.
The catoblepas breathes a plume of calcifying dust at you.
The blast of calcifying dust hits you but does no damage.
The orc warrior is engulfed in calcifying dust.
The orc warrior stops moving altogether! 😱 HP[+1]
Okay, then.
The catoblepas breathes a plume of calcifying dust at you.
The blast of calcifying dust hits you but does no damage.
The orc warrior is engulfed in calcifying dust. x2
The catoblepas misses you.
You hit the catoblepas. You freeze the catoblepas.
You are engulfed in calcifying dust.
You are slowing down.
The catoblepas breathes a plume of calcifying dust at you.
The blast of calcifying dust hits you but does no damage.
You hit the catoblepas. You freeze the catoblepas.
You headbutt the catoblepas, but do no damage.
You are engulfed in calcifying dust.
Your limbs have turned to stone.
The catoblepas breathes a plume of calcifying dust at you.
The blast of calcifying dust hits you but does no damage.
The catoblepas gores you!
* * * LOW HITPOINT WARNING * * *
You have turned to stone.
You are engulfed in calcifying dust.
The catoblepas breathes a plume of calcifying dust at you.
The blast of calcifying dust hits you but does no damage.
Harold grumbles, "Just give up already, I want to go home!"
The catoblepas gores you!
* * * LOW HITPOINT WARNING * * *
Harold hits you but does no damage. The catoblepas gores you!
You die...

Skill      XL: |  1  2  3  4  5  6  7  8  9 10 |
---------------+-------------------------------+-----
Fighting       | 4 5 6 |  6.0
Axes           | 4 5 6 9 11 14 | 14.5
Armour         | 3 4 6 8 11 12 | 12.5
Dodging        | 3 4 5 |  5.0
Long Blades    | 1 2 3 |  3.6
Short Blades   | |  0.5

Action                   |  1- 3 |  4- 6 |  7- 9 | 10-12 || total
-------------------------+-------+-------+-------+-------++-------
Melee: Hand axe          |    77 |       |   125 |    32 ||   234
       Headbutt          |     8 |    20 |    67 |    33 ||   128
       Dagger            |       |   146 |   155 |       ||   301
       Punch             |       |     1 |     3 |     3 ||     7
       Dire flail        |       |       |       |    74 ||    74
       Morningstar       |       |       |       |    20 ||    20
Throw: Boomerang         |       |       |     5 |       ||     5
Invok: Berserk           |       |     3 |     5 |     6 ||    14
  Use: Scroll            |       |       |    11 |       ||    11
       Potion            |       |       |       |     2 ||     2
 Stab: Sleeping          |       |     1 |       |       ||     1
Armor: Animal skin       |    10 |    16 |       |       ||    26
       Plate armour      |       |     7 |   145 |    96 ||   248
Dodge: Dodged            |    52 |    85 |   143 |    53 ||   333

Levels and vault maps discovered:
D:1:      nzn_arrival_crosshair, layout_basic, serial_shops,
          nicolae_lakefront_shop, nicolae_wormholes
D:2:      layout_loops_corners, kennysheep_generic_room_10
D:3:      layout_loops_ring, nicolae_ru_the_path_less_chosen,
          shapermc_ecumenical_altar_petra, corner_web_ring
D:4:      kennysheep_the_goblin_king, layout_basic, grunt_ministairs_8,
          st_stairs_7, minmay_misc_feat_hallway, interstate_on_off
D:5:      layout_basic, minitemple, minmay_temple_entry_junction_2
D:6:      layout_loops_corners, kennysheep_crisscross
D:7:      layout_rooms
D:8:      layout_basic, grunt_qazlal_clouds, gammafunk_ghost_nasty_kobolds,
          uniq_grum
D:9:      layout_basic, nicolae_tso_swordbearing_angel, uniq_maurice,
          uniq_gastronok
D:10:     layout_irregular_city, mainiacjoe_overflow_alcove_4,
          due_lair_maze_entry_diamond, hangedman_abyss_or_decor_passed,
          minmay_bent, uniq_snorg, uniq_erica, uniq_harold

Notes
Turn   | Place    | Note
-------+----------+-------------------------------------------
     0 | D:1      | Faeu the Minotaur Berserker began the quest for the Orb.
     0 | D:1      | Reached XP level 1. HP: 19/19 MP: 0/0
     0 | D:1      | magus.rc [v1.9.6]
    27 | D:1      | Reached XP level 2. HP: 27/27 MP: 1/1
   206 | D:1      | HP: 6/27 [frilled lizard (2)]
   455 | D:1      | Reached skill level 4 in Fighting
   455 | D:1      | Reached skill level 4 in Axes
   458 | D:1      | Reached skill level 3 in Armour
   614 | D:1      | Reached XP level 3. HP: 33/33 MP: 2/2
   680 | D:1      | Found Pofes's Antique Armour Emporium.
   927 | D:2      | Reached ** piety under Trog
  1143 | D:2      | You pick up a book of Flames {forbidden} and begin
                  | reading...
  1143 | D:2      | You add the spells Foxfire, Conjure Flame, Inner Flame and
                  | Flame Wave to your library.
  1456 | D:2      | Reached skill level 3 in Dodging
  1839 | D:2      | Reached XP level 4. HP: 39/40 MP: 3/3
  1932 | D:2      | You pick up a book of Rime {forbidden} and begin reading...
  1932 | D:2      | You add the spells Frozen Ramparts, Ice Form and Summon Ice
                  | Beast to your library.
  2472 | D:3      | Found a sacrificial altar of Ru.
  2760 | D:3      | You pick up a book of Weapons {forbidden} and begin
                  | reading...
  2760 | D:3      | You add the spells Portal Projectile, Excruciating Wounds
                  | and Blade Hands to your library.
  2947 | D:3      | Reached XP level 5. HP: 14/47 MP: 4/4
  3315 | D:3      | Found a faded altar of an unknown god.
  3821 | D:4      | Noticed an ogre
  3836 | D:4      | Reached skill level 4 in Armour
  3844 | D:4      | Killed an ogre
  3845 | D:4      | Reached skill level 5 in Fighting
  3845 | D:4      | Reached skill level 1 in Long Blades
  3845 | D:4      | Reached skill level 5 in Axes
  3845 | D:4      | Reached XP level 6. HP: 50/56 MP: 5/5
  4307 | D:4      | Reached skill level 4 in Dodging
  4464 | D:4      | Reached skill level 2 in Long Blades
  4747 | D:4      | Noticed Ijyb
  4763 | D:4      | Killed Ijyb
  5302 | D:5      | Entered Level 5 of the Dungeon
  5568 | D:5      | Reached XP level 7. HP: 52/61 MP: 6/6
  5661 | D:5      | Reached skill level 3 in Long Blades
  5661 | D:5      | Reached skill level 5 in Armour
  5733 | D:5      | Found a snail-covered altar of Cheibriados.
  5908 | D:5      | Reached *** piety under Trog
  5921 | D:5      | Reached skill level 6 in Axes
  6044 | D:5      | Reached skill level 6 in Fighting
  6044 | D:5      | Reached skill level 5 in Dodging
  6044 | D:5      | Found a staircase to the Ecumenical Temple.
  6299 | D:5      | Found a shimmering blue altar of Sif Muna.
  6305 | D:5      | Found a broken altar of Ashenzari.
  6305 | D:5      | Found an opulent altar of Gozag.
  6306 | D:5      | Found a hazy altar of Hepliaklqana.
  6308 | D:5      | Found an ancient bone altar of Kikubaaqudgha.
  6596 | D:6      | Noticed a troll
  6601 | D:6      | Killed a troll
  6602 | D:6      | Reached skill level 6 in Armour
  6602 | D:6      | Reached XP level 8. HP: 52/70 MP: 7/7
  6743 | D:6      | You add the spells Ignite Poison, Mephitic Cloud and
                  | Freezing Cloud to your library.
  6988 | D:6      | Reached skill level 7 in Axes
  7147 | D:6      | Reached skill level 7 in Armour
  7691 | D:7      | Reached skill level 8 in Axes
  7887 | D:7      | Reached skill level 8 in Armour
  8202 | D:7      | Reached skill level 9 in Axes
  8202 | D:7      | Reached XP level 9. HP: 67/75 MP: 8/8
  8678 | D:8      | Reached skill level 9 in Armour
  8890 | D:8      | Found a stormy altar of Qazlal.
  9204 | D:8      | Found a runed translucent gate.
  9205 | D:8      | Found a runed translucent gate.
  9205 | D:8      | Noticed Faeu's ghost (novice MiBe)
  9206 | D:8      | Found a runed translucent gate.
  9422 | D:8      | Noticed a white ugly thing
  9424 | D:8      | Reached skill level 10 in Axes
  9438 | D:8      | Killed a white ugly thing
  9439 | D:8      | Reached skill level 10 in Armour
  9615 | D:8      | Noticed Grum
  9634 | D:8      | HP: 25/112 [wolf[Grum] (6)]
  9634 | D:8      | HP: 6/112 [Grum/+1 glaive (19)]
  9637 | D:8      | Killed Grum
  9641 | D:8      | Reached skill level 11 in Axes
 10244 | D:9      | Reached skill level 11 in Armour
 10291 | D:9      | Reached XP level 10. HP: 76/83 MP: 9/9
 10334 | D:9      | Found a glowing golden altar of the Shining One.
 10383 | D:9      | Reached **** piety under Trog
 10863 | D:9      | Noticed Gastronok
 11029 | D:9      | Killed Gastronok
 11030 | D:9      | Reached skill level 12 in Axes
 11136 | D:9      | Noticed Maurice
 11149 | D:9      | Killed Maurice
 11150 | D:9      | Reached skill level 12 in Armour
 11463 | D:9      | Noticed a boulder beetle
 11496 | D:9      | Killed a boulder beetle
 11838 | D:10     | Entered Level 10 of the Dungeon
 11929 | D:10     | Reached skill level 13 in Axes
 12131 | D:10     | Found a staircase to the Lair.
 12147 | D:10     | Noticed Erica
 12166 | D:10     | Killed Erica
 12167 | D:10     | Reached skill level 14 in Axes
 12367 | D:10     | You pick up a book of the Hunter {forbidden} and begin
                  | reading...
 12367 | D:10     | You add the spells Call Canine Familiar and Leda's
                  | Liquefaction to your library.
 12379 | D:10     | Found an ornate altar of the Wu Jian Council.
 12604 | D:10     | Reached XP level 11. HP: 89/89 MP: 10/10
 12626 | D:10     | Noticed a catoblepas
 12663 | D:10     | Noticed a two-headed ogre
 12668 | D:10     | Killed a two-headed ogre
 12686 | D:10     | Noticed Harold
 12686 | D:10     | HP: 18/89 [catoblepas (8)]
 12692 | D:10     | HP: 5/89 [catoblepas (6)]
 12693 | D:10     | Slain by a catoblepas

Vanquished Creatures
  Gastronok (D:9)
  A boulder beetle (D:9)
  Erica (D:10)
  A two-headed ogre (shapeshifter) (D:10)
  An ugly thing (D:8)
  Maurice (D:9)
  A komodo dragon (D:10)
  A troll (D:6)
  A shadow (D:9)
  Grum (D:8)
  A steam dragon (D:8)
  3 water moccasins
  3 black bears (D:10)
  A sky beast (D:7)
  2 orc warriors
  An ice beast (D:5)
  A necrophage (D:6)
  4 wolves (D:8)
  4 ogres
  4 centaurs
  A phantom (D:4)
  3 bullfrogs
  A wyvern skeleton (D:7)
  6 killer bees (D:7)
  6 wights (D:9)
  6 howler monkeys
  2 bullfrog skeletons
  A centaur zombie (D:3)
  2 gnoll shamans
  6 orc priests
  7 orc wizards
  Ijyb (D:4)
  4 iguanas
  9 gnolls
  A howler monkey skeleton (D:5)
  7 adders
  A shadow imp (D:8)
  A white imp (D:6)
  An ufetubus (D:5)
  2 worms
  A dart slug (D:4)
  30 orcs
  3 ball pythons
  6 endoplasms
  A giant cockroach (D:1)
  14 goblins
  5 hobgoblins
  6 kobolds
  A quokka (D:3)
  3 bats
  2 frilled lizards
  12 rats
186 creatures vanquished.

Vanquished Creatures (others)
  33 fungi
  37 plants
70 creatures vanquished.

Grand Total: 256 creatures vanquished

Table legend:
 A = Non-vault XP
 B = Vault XP
 C = Vault XP percentage of total XP
 D = Non-vault monster count
 E = Vault monster count
 F = Vault count percentage of total count
                 A         B        C        D         E       F
            +---------+---------+-------+---------+---------+-------
      Total |    6847 |    4979 |  42.1 |     159 |      27 |  14.5
            +---------+---------+-------+---------+---------+-------
        D:1 |      40 |       5 |  11.1 |      16 |       1 |   5.9
        D:2 |      54 |       1 |   1.8 |      17 |       1 |   5.6
        D:3 |     107 |      15 |  12.3 |      13 |       2 |  13.3
        D:4 |     314 |     161 |  33.9 |      20 |       8 |  28.6
        D:5 |     600 |       0 |   0.0 |      17 |       0 |   0.0
        D:6 |     766 |       0 |   0.0 |      11 |       0 |   0.0
        D:7 |     843 |       0 |   0.0 |      14 |       0 |   0.0
        D:8 |    1649 |     680 |  29.2 |      26 |       5 |  16.1
        D:9 |    1826 |    1839 |  50.2 |      20 |       2 |   9.1
       D:10 |     648 |    2278 |  77.9 |       5 |       8 |  61.5
            +---------+---------+-------+---------+---------+-------

Illustrated notes

Table legend:
 A = Kills in this place as a percentage of kills in entire the game.
 B = Kills by you in this place as a percentage of kills by you in the entire game.
 C = Kills by friends in this place as a percentage of kills by friends in the entire game.
 D = Other kills in this place as a percentage of other kills in the entire game.
 E = Experience gained in this place as a percentage of experience gained in the entire game.
 F = Experience gained in this place divided by the number of levels of this place that you have seen.
                   A       B       C       D       E      F
               +-------+-------+-------+-------+-------+----------------------
         Total | 100.0 | 100.0 |   N/A |   N/A | 100.0 | 1182.6
       Dungeon | 100.0 | 100.0 |   N/A |   N/A | 100.0 | 1182.6
               +-------+-------+-------+-------+-------+----------------------

Table legend: (Time is in decaauts)
 A = Elapsed time spent in this place.
 B = Non-inter-level travel time spent in this place.
 C = Inter-level travel time spent in this place.
 D = Time resting spent in this place.
 E = Time spent auto-exploring this place.
 F = Levels seen in this place.
 G = Mean time per level.
                   A        B        C        D        E       F      G
               +--------+--------+--------+--------+--------+-----+--------+
         Total |  12769 |  12354 |    415 |   3389 |   6996 |  10 | 1276.9 |
       Dungeon |  12769 |  12354 |    415 |   3389 |   6996 |  10 | 1276.9 |
               +--------+--------+--------+--------+--------+-----+--------+

Top non-repeatable levels by time:
     D:4: 1706 daAuts
     D:8: 1659 daAuts
     D:9: 1577 daAuts
     D:3: 1560 daAuts
     D:2: 1293 daAuts
     D:6: 1166 daAuts
     D:5: 1020 daAuts
     D:7: 991 daAuts
     D:1: 927 daAuts
    D:10: 866 daAuts
